 Dungeon Crawl Stone Soup version 0.29-a0-234-g0dae59b3db (webtiles) character file.

Game seed: 3665601326872631318

557 testman the Chopper (level 7, -20/67 HPs)
             Began as a Deep Dwarf Fighter on Mar 3, 2022.
             Was an Initiate of Elyvilon.
             Demolished by an ogre
             ... wielding a +0 giant club
              (24 damage)
             ... on level 4 of the Dungeon.
             The game lasted 00:24:24 (3350 turns).

testman the Chopper (Deep Dwarf Fighter)            Turns: 3350, Time: 00:24:24

Health: -20/67     AC:  8    Str: 21    XL:     7   Next: 9%
Magic:  6/6        EV:  9    Int:  9    God:    Elyvilon [......]
Gold:   213        SH:  5    Dex: 12    Spells: 6/6 levels left

rFire   + . .      SeeInvis .   a - +0 war axe (freeze)
rCold   . . .      Faith    .   c - +0 buckler
rNeg    . . .      Spirit   .   b - +0 scale mail
rPois   .          Reflect  .   p - +0 helmet
rElec   .          Harm     .   (no cloak)
rCorr   .          Rampage  .   (no gloves)
Will    ++...                   (no boots)
Stlth   ..........              (no amulet)
HPRegen 0.00/turn               n - ring of protection from fire
MPRegen 0.10/turn               d - ring of willpower

@: no status effects
A: damage resistance, heal wounds, sense surroundings 1, no regeneration
a: Heal Wounds, Renounce Religion


You were on level 4 of the Dungeon.
You worshipped Elyvilon.
Elyvilon was noncommittal.
You visited 2 branches of the dungeon, and saw 5 of its levels.

You collected 213 gold pieces.

Inventory:

Hand Weapons
 a - a +0 war axe of freezing (weapon)
Missiles
 e - a throwing net (quivered)
 g - 5 javelins
 l - 107 stones
Armour
 b - a +0 scale mail (worn)
 c - a +0 buckler (worn)
 p - a +0 helmet (worn)
Jewellery
 d - a ring of willpower (right hand)
 n - a ring of protection from fire (left hand)
Potions
 f - 2 potions of curing
 i - 2 potions of attraction {unknown}
 j - 3 potions of degeneration {unknown}
 k - 2 potions of mutation {unknown}
 m - 2 potions of flight {unknown}
 o - a potion of haste {unknown}
 r - a potion of ambrosia {unknown}


   Skills:
 + Level 5.3 Fighting
 + Level 5.7 Axes
 + Level 0.6 Throwing
 + Level 3.6 Armour
 - Level 4.0 Shields


You had 6 spell levels left.
You didn't know any spells.
Your spell library contained the following spells:

 Spells                   Type           Power      Damage    Failure   Level
 Freeze                   Ice            0%         1d3       82%         1
 Call Canine Familiar     Summ           0%         N/A       99%         3
 Portal Projectile        Hex/Tloc       0%         N/A       99%         3
 Tukima's Dance           Hex            0%         N/A       99%         3
 Anguish                  Hex/Necr       0%         N/A       100%        4
 Leda's Liquefaction      Hex/Erth       0%         N/A       100%        4
 Enfeeble                 Hex            0%         N/A       100%        7


Dungeon Overview and Level Annotations

Branches:
Dungeon (4/15)             Temple (1/1) D:4

Altars:
Ashenzari
Cheibriados
Dithmenos
Elyvilon
Gozag
Hepliaklqana
Kikubaaqudgha
Nemelex Xobeh
Okawaru
Ru
Sif Muna
Trog
Uskayaw
Vehumet
Wu Jian
Yredelemnul
Zin
The Shining One

Shops:
D:3 =


Innate Abilities, Weirdness & Mutations

You are resistant to damage.
You can heal yourself by infusing magical energy.
You passively map a small area around you.
You do not regenerate.


Message History

You slash the goblin! You freeze the goblin.
You kill the goblin!
You see here a +0 club.
A ball python comes into view.
You are too injured to fight recklessly!
You closely miss the ball python.
The ball python bites you but does no damage.
The ball python grabs you. The ball python constricts you.
The ball python bites you but does no damage.
The ball python constricts you.
You closely miss the ball python. The ball python bites you.
The ball python constricts you.
The ball python bites you but does no damage.
The ball python constricts you.
You barely miss the ball python. The ball python barely misses you.
The ball python constricts you.
You slash the ball python! You freeze the ball python.
You kill the ball python!
An ogre comes into view. It is wielding a +0 giant club.
The ogre shouts!
Throw: 2 darts (poison)
Press: ? - help, Q - select action, (/) - cycle Shift-Dir - straight line, f - ogre
Aim: an ogre, wielding a +0 giant club (74% to hit)
You throw a poisoned dart. The poisoned dart hits the ogre.
The ogre is poisoned.
Okay, then.
Throw: dart (poison)
Press: ? - help, Q - select action, (/) - cycle Shift-Dir - straight line, f/p - ogre
Aim: an ogre, wielding a +0 giant club (lightly wounded, poisoned, 74% to hit)
You throw a poisoned dart. The poisoned dart hits the ogre.
The ogre looks even sicker.
The ogre is lightly wounded.
The ogre looks more healthy.
You hit the ogre but do no damage.
The ogre is heavily wounded.
The ogre barely misses you.
You hit the ogre. You freeze the ogre.
The ogre is severely wounded.
The ogre hits you with a +0 giant club!!
You die...

......>..................#≈...≈#.
....#.#..................#≈._.≈#.
....#....................#≈...≈#.
....###..................#.≈≈≈.#.
....#...........(........#.....#.
.)........................#...#..
.#.#.<.........#.######....#.#...
...............#O# #....##.#....
.#.#...........#@####........####
.................................
...#...........#.#...............
...#...........#.#....##.........
...#...........#.#....##.........
...#...........#.#....##.........
............♣P♣#.#....##.........
...........♣≈≈P♣......##.........
#.........≈♣≈PP≈♣......#.........


You could see an ogre.

Vanquished Creatures
  A black bear (D:2)
  An ogre (Temple)
  A centaur (D:4)
  A bullfrog (D:4)
  A hound (D:4)
  An orc priest (D:3)
  An orc wizard (D:3)
  3 gnolls (D:4)
  3 adders
  2 worms (D:2)
  A dart slug (D:3)
  4 orcs (D:3)
  10 ball pythons
  8 endoplasms
  A giant cockroach (D:4)
  10 goblins
  7 hobgoblins
  8 jackals
  4 quokkas
  8 bats
  4 frilled lizards
  11 kobolds
  4 rats
95 creatures vanquished.

Vanquished Creatures (others)
  17 plants
17 creatures vanquished.

Grand Total: 112 creatures vanquished

Notes
Turn   | Place    | Note
-------+----------+-------------------------------------------
     0 | D:1      | testman the Deep Dwarf Fighter began the quest for the Orb.
     0 | D:1      | Reached XP level 1. HP: 20/20 MP: 1/1
   134 | D:1      | Reached XP level 2. HP: 21/27 MP: 2/2
   705 | D:2      | Reached XP level 3. HP: 24/34 MP: 3/3
   710 | D:2      | Found a faded altar of an unknown god.
   725 | D:2      | Got Plato's Compendium of the Glacier
   959 | D:2      | Noticed a black bear
   966 | D:2      | Killed a black bear
   967 | D:2      | Reached XP level 4. HP: 20/44 MP: 4/4
  1313 | D:2      | Reached XP level 5. HP: 16/50 MP: 5/5
  1707 | D:3      | Found a faded altar of an unknown god.
  1711 | D:3      | Found a sparkling altar of Nemelex Xobeh.
  2081 | D:3      | Found Riustau's One-of-a-Kind Rings.
  2673 | D:4      | Noticed a centaur
  2675 | D:4      | HP: 1/51 [centaur (2)]
  2681 | D:4      | Killed a centaur
  2682 | D:4      | Reached XP level 6. HP: 1/58 MP: 6/6
  2800 | D:4      | Found a snail-covered altar of Cheibriados.
  2856 | D:4      | Reached skill level 5 in Axes
  2870 | D:4      | Found a broken altar of Ashenzari.
  2883 | D:4      | HP: 2/60 [gnoll/+0 flail (4)]
  2885 | D:4      | Reached skill level 5 in Fighting
  2902 | D:4      | Found an ancient bone altar of Kikubaaqudgha.
  2905 | D:4      | Found a hide-covered altar of Uskayaw.
  3128 | D:4      | Found a staircase to the Ecumenical Temple.
  3137 | Temple   | Entered the Ecumenical Temple
  3139 | Temple   | HP: 3/61 [ogre/+0 giant spiked club (9)]
  3146 | Temple   | Reached XP level 7. HP: 4/67 MP: 6/6
  3199 | Temple   | Became a worshipper of Elyvilon the Healer
  3244 | D:4      | Found a sacrificial altar of Ru.
  3350 | D:4      | Demolished by an ogre

Illustrated notes

Levels and vault maps discovered:
D:1:      nzn_arrival_water_spiral, layout_loops_ring
D:2:      minmay_wonky_spiral, layout_basic,
          shapermc_ecumenical_altar_rom_forum, interstate_on_off, minmay_3d_cube
D:3:      layout_basic, nicolae_overflow_ecumenical_swirl, amethyst_killhole,
          hangedman_decor_points, nicolae_shop_unique_rings,
          roderic_roman_lattice, st_stairs_11, serial_bayou_pond_d
D:4:      layout_basic, mainiacjoe_overflow_six_doors_small,
          nicolae_ru_awakened_eye, grunt_temple_overflow_open,
          minmay_temple_entry_statues_pillars, serial_glass, glass_columns_a,
          glass_columns_c, serial_bayou_lake_a
Temple:   nicolae_temple_hex_pool

Skill      XL: |  1  2  3  4  5  6 |
---------------+-------------------+-----
Fighting       | 3 4 5 |  5.3
Axes           | 3 4 5 |  5.7
Shields        | 4 |  4.0
Throwing       | |  0.6
Armour         | |  3.6

Action                   |  1- 3 |  4- 6 |  7- 9 || total
-------------------------+-------+-------+-------++-------
Melee: War axe           |    79 |   159 |    14 ||   252
Throw: Stone             |     1 |     2 |       ||     3
       Dart              |       |     6 |     2 ||     8
       Throwing net      |       |     1 |       ||     1
 Abil: Heal Wounds       |       |     2 |       ||     2
  Use: Potion            |     1 |     4 |       ||     5
       Scroll            |       |     5 |       ||     5
 Stab: Held in net/web   |       |     2 |       ||     2
Armor: Scale mail        |    24 |    68 |     5 ||    97
Dodge: Dodged            |    33 |    63 |     4 ||   100
Block: Buckler           |    15 |    35 |     1 ||    51

Table legend: (Time is in decaauts)
 A = Elapsed time spent in this place.
 B = Non-inter-level travel time spent in this place.
 C = Inter-level travel time spent in this place.
 D = Time resting spent in this place.
 E = Time spent auto-exploring this place.
 F = Levels seen in this place.
 G = Mean time per level.
                   A        B        C        D        E       F      G
               +--------+--------+--------+--------+--------+-----+--------+
         Total |   3464 |   3347 |    117 |    256 |   1918 |   5 |  692.8 |
       Dungeon |   3390 |   3273 |    117 |    256 |   1905 |   4 |  847.5 |
        Temple |     74 |     74 |      0 |      0 |     13 |   1 |   74.0 |
               +--------+--------+--------+--------+--------+-----+--------+

Top non-repeatable levels by time:
     D:3: 1194 daAuts
     D:2: 889 daAuts
     D:1: 724 daAuts
     D:4: 581 daAuts
  Temple: 74 daAuts
